 Dungeon Crawl Stone Soup version 0.26-a0-812-g31a745ddcd (webtiles) character file.

Game seed: 11305032386355509619

36892 Borgoz the Fencer (level 13, 0/117 HPs)
             Began as a Minotaur Gladiator on Dec 8, 2020.
             Was the Champion of Okawaru.
             Slain by a skeletal warrior
             ... wielding a +1 trident of protection
             ... led by a skeletal warrior
              (14 damage)
             ... on level 12 of the Dungeon.
             The game lasted 00:32:57 (13963 turns).

Borgoz the Fencer (Minotaur Gladiator)             Turns: 13963, Time: 00:32:58

Health: 0/117      AC: 18    Str: 26    XL:     13   Next: 55%
Magic:  17/17      EV: 17    Int:  5    God:    Okawaru [******]
Gold:   689        SH:  0    Dex: 19    Spells: 15/15 levels left

rFire    . . .     SeeInvis .   a - +1 triple sword "Qeagum" {elec, MR+ Dex+2}
rCold    + . .     Faith    .   (shield currently unavailable)
rNeg     . . .     Spirit   .   x - +3 chain mail {rC+}
rPois    .         Reflect  .   c - +0 hat
rElec    +         Harm     .   f - +0 cloak
rCorr    .         Rampage  .   (no gloves)
MR       ++...                  E - +0 pair of boots
Stlth    ..........             P - amulet "Nyng" {Regen+ Str+7}
HPRegen  0.69/turn              k - ring of protection from magic
MPRegen  0.15/turn              N - ring "Nuzomehe" {rElec Stlth+}

@: confused, about to teleport, finesse, lightly drained
A: retaliatory headbutt, horns 2
a: Heroism, Finesse, Renounce Religion


You were on level 12 of the Dungeon.
You worshipped Okawaru.
Okawaru was exalted by your worship.
You visited 2 branches of the dungeon, and saw 13 of its levels.
You also visited: Trove, Ossuary and Bailey.

You collected 1007 gold pieces.
You spent 318 gold pieces at shops.

Inventory:

Hand Weapons
 a - the +1 triple sword "Qeagum" (weapon) {elec, MR+ Dex+2}
   (You found it in a treasure trove)

   Occasionally, upon striking a foe, it will discharge some electrical energy
   and cause terrible harm.
   It affects your dexterity (+2).
   It affects your resistance to hostile enchantments.
 b - a +1 scimitar of flaming
 o - a +3 triple sword of holy wrath
 M - a +3 double sword of holy wrath
 Q - a +0 vorpal great sword
Missiles
 d - 3 throwing nets (quivered)
Armour
 c - a +0 hat (worn)
 f - a +0 cloak (worn)
 l - a +2 chain mail of magic resistance
 x - a +3 chain mail of cold resistance (worn)
 E - a +0 pair of boots (worn)
 H - the +0 leather armour of Nihilism {rElec rPois Stlth+}
   (You found it on level 8 of the Dungeon)

   It insulates you from electricity.
   It protects you from poison.
   It makes you more stealthy.
Jewellery
 k - a ring of protection from magic (left hand)
 v - an uncursed ring of flight
 K - an uncursed amulet of reflection
 L - an uncursed amulet of guardian spirit
 N - the ring "Nuzomehe" (right hand) {rElec Stlth+}
   (You found it in a treasure trove)

   [ring of stealth]

   It insulates you from electricity.
   It makes you more stealthy.
 P - the amulet "Nyng" (around neck) {Regen+ Str+7}
   (You found it in a treasure trove)

   [amulet of regeneration]

   It affects your strength (+7).
   It increases your rate of regeneration.
Wands
 s - a wand of digging (6)
 y - a wand of iceblast (9)
 z - a wand of enslavement (5)
 A - a wand of polymorph (9)
 I - a wand of paralysis (9)
 J - a wand of flame (23)
Scrolls
 e - 2 scrolls of remove curse
 g - a scroll of amnesia
 h - 8 scrolls of teleportation
 m - 2 scrolls of fog
 u - 3 scrolls of enchant weapon
 C - 4 scrolls of identify
 F - a scroll of acquirement
 G - 4 scrolls of enchant armour
Potions
 j - a potion of might
 n - 3 potions of lignification
 p - 2 potions of flight
 q - 2 potions of magic
 w - 6 potions of haste
 B - 2 potions of cancellation
 D - 3 potions of brilliance
Miscellaneous
 O - a tin of tremorstones (2/2)


   Skills:
 + Level 11.9 Fighting
 * Level 15.1(15.0) Long Blades
 - Level 2.0(1.9) Throwing
 + Level 11.7(11.6) Armour
 + Level 11.3(11.2) Dodging
 - Level 1.6(1.5) Spellcasting
   Level 1.6(1.5) Hexes
 + Level 6.8(6.7) Invocations


You had 15 spell levels left.
You didn't know any spells.
Your spell library contained the following spells:

 Spells                   Type           Power        Failure   Level
 Foxfire                  Conj/Fire      #...         90%         1
 Conjure Flame            Conj/Fire      #.......     99%         3
 Inner Flame              Hex/Fire       #.......     99%         3
 Sticky Flame             Conj/Fire      #.......     100%        4
 Fireball                 Conj/Fire      #.........   100%        5


Dungeon Overview and Level Annotations

Branches:
Dungeon (12/15)            Temple (1/1) D:4            Lair (0/6) D:10
    Orc (0/2) D:9         Ossuary (visited)          Bailey (visited)

Altars:
Ashenzari
Cheibriados
Dithmenos
Elyvilon
Fedhas
Gozag
Hepliaklqana
Kikubaaqudgha
Makhleb
Nemelex Xobeh
Okawaru
Qazlal
Ru
Sif Muna
Trog
Uskayaw
Vehumet
Wu Jian
Xom
Yredelemnul
Zin
The Shining One

Shops:
D:4 ?   D:5 [   D:11 (

Annotations:
D:12 Azrael


Innate Abilities, Weirdness & Mutations

You reflexively headbutt those who attack you in melee.
You have a pair of horns on your head.


Message History

The skeletal warrior misses you. You furiously retaliate!
You headbutt the skeletal warrior, but do no damage.
You riposte.
You slice the skeletal warrior!! You headbutt the skeletal warrior!
The skeletal warrior is severely damaged.
You are confused.
You feel invigorated.
Azrael hits you with a +2 scimitar of flaming.
* * * LOW HITPOINT WARNING * * *
Azrael burns you.
* * * LOW HITPOINT WARNING * * *
The skeletal warrior hits you but does no damage. x2
Your chain mail prevents you from hitting Azrael.
You headbutt Azrael!
Azrael is almost dead.
The skeletal warrior hits you with a cursed -2 halberd.
* * * LOW HITPOINT WARNING * * *
Azrael completely misses you.
The skeletal warrior hits you from afar with a +1 trident of protection!
You die...

.... ................
....# #...............
.##....##.. ............
..........####..........
#..........##........#..
............#.......##..
$..................)....
........................
......z@z.).............
........R.......#.###...
.......z††.....######...
............(..# ##....
.......#.(.....####.....
......##.....####....##.
.<....##.......##...###.
...................#####
..(..○..<....#......#


You could see Azrael and 3 skeletal warriors.

Vanquished Creatures
  Jorgrun (D:11)
  An orc warlord (Bailey)
  Erica (D:8)
  2 two-headed ogres
  Nergalle (D:11)
  2 unseen horrors (D:11)
  An orange crystal statue (D:8)
  2 orc knights (Bailey)
  A manticore (D:11)
  3 ugly things (D:11)
  A deep elf mage (D:12)
  A cyclops (D:12)
  A gargoyle (D:11)
  A troll (D:12)
  5 polar bears (D:9)
  A hornet (D:11)
  3 dream sheep (D:9)
  The ghost of Blackmass the Gusty, an amateur OpAE (D:4)
  8 wyverns
  Sigmund (D:2)
  A shadow (D:12)
  A vampire (D:9)
  18 yaks
  3 fire elementals (D:12)
  6 vampire mosquitoes
  Menkaure (D:4)
  4 hell hounds (D:12)
  3 water moccasins (D:10)
  2 orc warriors
  3 sky beasts
  An ice beast (D:9)
  6 black bears
  10 ogres
  2 necrophages
  4 phantoms
  A centaur (D:10)
  Blork the orc (D:4)
  A big kobold (D:8)
  8 bullfrogs
  A gnoll sergeant (D:10)
  11 scorpions
  5 killer bees (D:9)
  4 howler monkeys
  8 wights
  2 electric eels (D:11)
  3 bullfrog zombies (D:9)
  A centaur zombie (D:9)
  2 lava snakes (D:8)
  A quasit (D:12)
  9 hounds
  A human zombie (Ossuary)
  5 jellies
  3 orc priests
  An orc wizard (D:6)
  2 centaur skeletons
  3 bullfrog skeletons
  Terence (D:2)
  2 iguanas
  14 worker ants
  3 big kobold zombies (Ossuary)
  A hound zombie (D:7)
  A hound skeleton (D:8)
  3 mummies (Ossuary)
  6 gnolls
  A howler monkey skeleton (D:8)
  2 scorpion zombies (Ossuary)
  15 adders
  2 shadow imps
  3 white imps
  An ooze (D:1)
  An adder zombie (D:7)
  2 adder skeletons
  5 worms
  2 leopard geckos
  31 orcs
  6 giant cockroaches
  2 gnoll zombies (Ossuary)
  16 goblins
  10 hobgoblins
  36 jackals
  19 kobolds
  4 quokkas
  4 ball pythons
  8 bats
  5 frilled lizards
  2 goblin zombies (Ossuary)
  5 hobgoblin zombies (Ossuary)
  2 jackal skeletons
  A kobold zombie (Ossuary)
  3 leopard gecko skeletons
  A leopard gecko zombie (D:7)
  8 rats
404 creatures vanquished.

Vanquished Creatures (others)
  2 bushes (D:10)
  7 fungi (D:10)
  18 plants
27 creatures vanquished.

Grand Total: 431 creatures vanquished

Notes
Turn   | Place    | Note
-------+----------+-------------------------------------------
     0 | D:1      | Borgoz the Minotaur Gladiator began the quest for the Orb.
     0 | D:1      | Reached XP level 1. HP: 18/18 MP: 0/0
   222 | D:1      | Reached XP level 2. HP: 25/25 MP: 1/1
   271 | D:1      | Reached skill level 4 in Long Blades
   274 | D:1      | Reached skill level 1 in Armour
   522 | D:1      | Reached XP level 3. HP: 25/30 MP: 2/2
  1437 | D:2      | Noticed Terence
  1447 | D:2      | Killed Terence
  1447 | D:2      | Reached XP level 4. HP: 37/38 MP: 3/3
  1487 | D:2      | Found a snail-covered altar of Cheibriados.
  1546 | D:2      | Noticed Sigmund
  1554 | D:2      | Killed Sigmund
  1554 | D:2      | Reached skill level 5 in Long Blades
  1554 | D:2      | Reached XP level 5. HP: 37/46 MP: 4/4
  1792 | D:2      | Found an iron altar of Okawaru.
  1936 | D:2      | Became a worshipper of Warmaster Okawaru
  2004 | D:2      | Noticed a moth of wrath
  2007 | D:2      | Found a bloodstained altar of Trog.
  2299 | D:3      | Found a faded altar of an unknown god.
  2307 | D:3      | Reached XP level 6. HP: 46/52 MP: 5/5
  2713 | D:3      | Reached skill level 6 in Long Blades
  3181 | D:4      | Found Ohymm's Magic Scroll Emporium.
  3187 | D:4      | Noticed Menkaure
  3201 | D:4      | Killed Menkaure
  3255 | D:4      | Bought a scroll of identify for 26 gold pieces
  3284 | D:4      | Reached XP level 7. HP: 39/60 MP: 6/6
  3310 | D:4      | Reached skill level 7 in Long Blades
  3387 | D:4      | Found a staircase to the Ecumenical Temple.
  3400 | D:4      | Reached skill level 5 in Dodging
  3403 | D:4      | Reached * piety under Okawaru
  3572 | D:4      | Noticed Blork the orc
  3602 | D:4      | Found a runed translucent gate.
  3602 | D:4      | Found a runed translucent gate.
  3602 | D:4      | Found a runed translucent gate.
  3604 | D:4      | Noticed Blackmass's ghost (amateur OpAE)
  3640 | Temple   | Entered the Ecumenical Temple
  3855 | D:4      | Killed Blork the orc
  4108 | D:4      | Reached skill level 5 in Fighting
  4299 | D:5      | Entered Level 5 of the Dungeon
  4315 | D:5      | Reached skill level 8 in Long Blades
  4315 | D:5      | Reached XP level 8. HP: 62/69 MP: 7/7
  4453 | D:5      | Found a sparkling altar of Nemelex Xobeh.
  4512 | D:5      | Reached skill level 5 in Armour
  4614 | D:5      | Reached ** piety under Okawaru
  4882 | D:5      | Found Dawoiv's Antique Armour Emporium.
  5270 | D:6      | Reached skill level 9 in Long Blades
  5323 | D:6      | Found a sand-covered staircase.
  5328 | Ossuary  | Entered an ossuary
  6047 | D:6      | Reached XP level 9. HP: 78/78 MP: 8/8
  6113 | D:6      | Reached *** piety under Okawaru
  6518 | D:7      | Reached skill level 10 in Long Blades
  7249 | D:8      | Got a dazzling leather armour
  7260 | D:8      | Identified the +0 leather armour of Nihilism {rElec rPois
                  | Stlth+} (You found it on level 8 of the Dungeon)
  7357 | D:8      | Reached **** piety under Okawaru
  7409 | D:8      | Noticed an orange crystal statue
  7449 | D:8      | Found a sparkling altar of Nemelex Xobeh.
  7549 | D:8      | Noticed Erica
  7560 | D:8      | Killed Erica
  7560 | D:8      | Reached skill level 11 in Long Blades
  7560 | D:8      | Reached skill level 1 in Invocations
  7749 | D:8      | Reached XP level 10. HP: 86/88 MP: 10/10
  8345 | D:9      | Found a staircase to the Orcish Mines.
  8539 | D:9      | Found a huge runed translucent gate.
  8539 | D:9      | Found a huge runed translucent gate.
  8539 | D:9      | Found a huge runed translucent gate.
  8539 | D:9      | Found a huge runed translucent gate.
  8746 | D:9      | Found an iron altar of Okawaru.
  8860 | D:9      | Found a blossoming altar of Fedhas.
  8893 | D:9      | Found a shimmering altar of Xom.
  8912 | D:9      | Reached ***** piety under Okawaru
  9074 | D:9      | Reached skill level 12 in Long Blades
  9458 | D:4      | Killed Blackmass's ghost
  9629 | D:8      | Killed an orange crystal statue
  9858 | D:9      | Reached XP level 11. HP: 25/97 MP: 6/12
  9883 | D:9      | Received a gift from Okawaru
 10214 | D:10     | Entered Level 10 of the Dungeon
 10386 | D:10     | Reached skill level 13 in Long Blades
 10390 | D:10     | Found a staircase to the Lair.
 11249 | D:10     | Noticed a two-headed ogre
 11258 | D:10     | Killed a two-headed ogre
 11258 | D:10     | Received a gift from Okawaru
 11679 | D:11     | Killed an unseen horror
 11679 | D:11     | Reached skill level 5 in Invocations
 11691 | D:11     | Reached skill level 10 in Fighting
 11700 | D:11     | Found Xainopse's Weapon Emporium.
 11770 | D:11     | Found a flagged portal.
 11783 | Bailey   | Entered a bailey
 11788 | Bailey   | Noticed an orc warlord
 11824 | Bailey   | Noticed an orc knight
 11838 | Bailey   | Killed an orc knight
 11857 | Bailey   | Found a runed translucent gate.
 11858 | Bailey   | Found a runed translucent gate.
 11859 | Bailey   | Found a runed translucent gate.
 11866 | Bailey   | Noticed an orc knight
 11879 | Bailey   | Killed an orc knight
 11964 | Bailey   | Killed an orc warlord
 11964 | Bailey   | Reached skill level 14 in Long Blades
 12037 | D:11     | Reached skill level 10 in Armour
 12042 | D:11     | Reached XP level 12. HP: 84/106 MP: 15/15
 12047 | D:11     | Reached ****** piety under Okawaru
 12103 | D:11     | Reached skill level 10 in Dodging
 12103 | D:11     | Reached skill level 1 in Spellcasting
 12103 | D:11     | Reached skill level 1 in Hexes
 12103 | D:11     | Reached XP level 13. HP: 109/116 MP: 16/16
 12159 | D:11     | HP: 2/116 [gargoyle/stone arrow (22)]
 12517 | D:11     | Found a portal to a secret trove of treasure.
 12702 | D:4      | Bought 3 scrolls of blinking for 292 gold pieces
 12880 | D:11     | You paid a toll of 8 scrolls of blinking to enter a
                  | treasure trove
 12881 | Trove    | Entered a treasure trove
 12901 | Trove    | Got a clouded amber ring
 12911 | Trove    | Got a faintly glowing copper amulet
 12913 | Trove    | Got a smouldering triple sword
 12943 | Trove    | Identified the amulet "Nyng" {Regen+ Str+7} (You found it
                  | in a treasure trove)
 12943 | Trove    | Identified the ring "Nuzomehe" {rElec Stlth+} (You found it
                  | in a treasure trove)
 12944 | Trove    | Identified a scroll of acquirement
 12945 | Trove    | Identified the +1 triple sword "Qeagum" {elec, MR+ Dex+2}
                  | (You found it in a treasure trove)
 13414 | D:11     | Received a gift from Okawaru
 13559 | D:12     | Noticed Jorgrun
 13563 | D:12     | Paralysed by a hornet for 3 turns
 13723 | D:12     | Noticed Nergalle
 13764 | D:11     | Killed Jorgrun
 13788 | D:11     | Killed Nergalle
 13812 | D:12     | Reached skill level 15 in Long Blades
 13934 | D:12     | Noticed Azrael
 13963 | D:12     | Slain by a skeletal warrior

Illustrated notes

Levels and vault maps discovered:
D:1:      denvon_arrival_planthouse, layout_basic, serial_curves,
          eino_curves_01, eino_curves_01
D:2:      layout_rooms, marbit_many_paths, lemuel_coloured_pillars_altar,
          tgw_trog, uniq_terence, uniq_sigmund
D:3:      layout_rooms, chequers_ecumenical_altar_simple
D:4:      layout_rooms, minmay_temple_entry_ruins, ebering_ghost_rock_garden,
          serial_shops, shop, uniq_menkaure, uniq_blork_the_orc
D:5:      layout_loops_ring, nemelex_xobeh_ov_fountains_minmay, serial_shops,
          kennysheep_little_box
D:6:      layout_loops_ring, enter_ossuary_2
D:7:      layout_basic
D:8:      minmay_razor_zed, layout_loops_ring, basic_altar, disabler_island,
          uniq_erica
D:9:      lemuel_bear_cage, layout_basic, kennysheep_mini_moat, orc_0_dummy,
          hangedman_feature_mirror
D:10:     layout_roguey, minmay_lair_entry_grove, serial_curves, eino_curves_03,
          eino_curves_01
D:11:     layout_basic, trove_entry_hex_spiral, enter_bailey_3, serial_shops,
          shop, serial_bayou_pond_b, grunt_decor_fettered, due_unseen_surprise
D:12:     layout_cave_pools, uniq_jorgrun, uniq_nergalle, uniq_azrael
Temple:   eino_narrow_crystal_temple

Skill      XL: |  1  2  3  4  5  6  7  8  9 10 11 12 13 |
---------------+----------------------------------------+-----
Long Blades    | 4 5 6 8 9 11 12 14 15 | 15.1
Armour         | 1 2 3 4 6 7 8 10 11 | 11.7
Fighting       | 3 4 5 6 8 9 10 11 | 11.9
Dodging        | 4 5 6 7 8 9 10 11 | 11.3
Invocations    | 1 3 5 6 |  6.8
Spellcasting   | 1 |  1.6
Hexes          | 1 |  1.6
Throwing       | |  2.0

Action                   |  1- 3 |  4- 6 |  7- 9 | 10-12 | 13-15 || total
-------------------------+-------+-------+-------+-------+-------++-------
Melee: Long sword        |    51 |   121 |   279 |       |       ||   451
       Headbutt          |    12 |    30 |    99 |    94 |    37 ||   272
       Scimitar          |       |       |    48 |   192 |       ||   240
       Punch             |       |       |       |     1 |       ||     1
       Great sword       |       |       |       |   151 |    26 ||   177
       Triple sword      |       |       |       |       |    82 ||    82
Throw: Throwing net      |       |     1 |     1 |       |       ||     2
Invok: Heroism           |       |       |     1 |     6 |     3 ||    10
       Finesse           |       |       |       |     2 |     1 ||     3
Evoke: Wand              |       |       |     3 |     8 |       ||    11
  Use: Scroll            |     3 |    11 |    14 |     7 |     5 ||    40
       Potion            |       |     1 |     1 |    11 |     8 ||    21
 Stab: Sleeping          |       |       |     1 |     4 |       ||     5
       Distracted        |       |       |       |     1 |       ||     1
Armor: Leather armour    |    15 |    15 |    21 |    44 |       ||    95
       Scale mail        |       |    27 |       |       |       ||    27
       Ring mail         |       |       |    64 |     1 |       ||    65
       Chain mail        |       |       |       |    35 |    89 ||   124
Dodge: Dodged            |    45 |    78 |   189 |   272 |   149 ||   733
Block: Other             |       |       |       |    60 |     5 ||    65
       Reflection        |       |       |       |     6 |     1 ||     7
       Rpst.: Long sword |    12 |    18 |    48 |       |       ||    78
       Scimitar          |       |       |    12 |    31 |       ||    43
       Great sword       |       |       |       |    38 |     1 ||    39
       Triple sword      |       |       |       |       |    36 ||    36

Table legend: (Time is in decaauts)
 A = Elapsed time spent in this place.
 B = Non-inter-level travel time spent in this place.
 C = Inter-level travel time spent in this place.
 D = Time resting spent in this place.
 E = Time spent auto-exploring this place.
 F = Levels seen in this place.
 G = Mean time per level.
                   A        B        C        D        E       F      G
               +--------+--------+--------+--------+--------+-----+--------+
         Total |  13920 |  12802 |   1118 |   2358 |   7635 |  16 |  870.0 |
       Dungeon |  12849 |  11745 |   1104 |   2358 |   7084 |  12 | 1070.8 |
        Temple |    188 |    174 |     14 |      0 |    174 |   1 |  188.0 |
         Trove |     74 |     74 |      0 |      0 |      5 |   1 |   74.0 |
       Ossuary |    595 |    595 |      0 |      0 |    372 |   1 |  595.0 |
        Bailey |    212 |    212 |      0 |      0 |      0 |   1 |  212.0 |
               +--------+--------+--------+--------+--------+-----+--------+

Top non-repeatable levels by time:
    D:11: 1659 daAuts
     D:9: 1477 daAuts
    D:10: 1415 daAuts
     D:1: 1407 daAuts
     D:8: 1360 daAuts
     D:4: 1156 daAuts
     D:5: 937 daAuts
     D:2: 880 daAuts
     D:7: 824 daAuts
     D:3: 822 daAuts
     D:6: 704 daAuts
 Ossuary: 595 daAuts
  Bailey: 212 daAuts
    D:12: 202 daAuts
  Temple: 188 daAuts
